 Dungeon Crawl Stone Soup version 0.29.0-4-gdea44cf6ec (webtiles) character file.

Game seed: 11043577257409573846

2 qw the Grasshopper (level 1, 0/12 HPs)
             Began as a Tengu Warper on Aug 28, 2022.
             Slain by a gnoll
             ... wielding a +0 spear
              (1 damage)
             ... on level 1 of the Dungeon.
             The game lasted 00:00:00 (31 turns).

qw the Grasshopper (Tengu Warper)                     Turns: 31, Time: 00:00:00

Health: 0/12       AC:  3    Str: 11    XL:     1   Next: 30%
Magic:  4/4        EV: 11    Int: 13    God:
Gold:   12         SH:  0    Dex: 13    Spells: 4/4 levels left

rFire   . . .      SeeInvis .   a - +0 hand axe
rCold   . . .      Faith    .   (no shield)
rNeg    . . .      Spirit   .   b - +0 leather armour
rPois   .          Reflect  .   (helmet restricted)
rElec   .          Harm     .   (no cloak)
rCorr   .          Rampage  .   (no gloves)
Will    .....                   (boots unavailable)
Stlth   +.........              (no amulet)
HPRegen 0.04/turn               (no ring)
MPRegen 0.09/turn               (no ring)

@: no status effects
A: beak, talons 3
a: no special abilities


You were on level 1 of the Dungeon.
You visited 1 branch of the dungeon, and saw 1 of its levels.

You collected 12 gold pieces.


Innate Abilities, Weirdness & Mutations

You have a beak for a mouth.
You have claws for feet.


   Skills:
 - Level 2.0 Fighting
 + Level 2.4 Axes
 - Level 1.0 Throwing
 - Level 1.1 Armour
 - Level 2.1 Dodging
 - Level 2.0 Spellcasting
 - Level 2.4 Translocations


You had 4 spell levels left.
You didn't know any spells.
Your spell library contained the following spells:

 Spells                   Type           Power      Damage    Failure   Level
 Blink                    Tloc           14%        N/A       19%         2
 Gell's Gravitas          Tloc           7%         N/A       36%         3
 Lesser Beckoning         Tloc           7%         N/A       36%         3
 Teleport Other           Tloc           7%         N/A       36%         3
 Manifold Assault         Tloc           7%         N/A       98%         5

Inventory:

Hand Weapons
 a - a +0 hand axe (weapon)
Missiles
 d - 5 boomerangs of dispersal (quivered)
Armour
 b - a +0 leather armour (worn)
Scrolls
 c - a scroll of blinking
Potions
 e - a potion of might {unknown}

Dungeon Overview and Level Annotations

Branches:
Dungeon (1/15)

Altars:


Message History

Press ? for a list of commands and other information.
Found 12 gold pieces and a scroll labelled UTAYJI XEROEVONK.
Found a staircase leading out of the dungeon.
Assign waypoint to what number? (0-9) Waypoint 2 assigned to D:1.
Enter note:
0 ||| PLANNING D:1-11 You now have 12 gold pieces.
A frilled lizard comes into view.
The frilled lizard hisses angrily.
The frilled lizard moves out of view.
Throw: 7 boomerangs (disperse)
Press: ? - help, Q - select action Shift-Dir - straight line, f - frilled lizard You throw a boomerang of dispersal.
The boomerang of dispersal hits the frilled lizard.
The frilled lizard blinks!
You feel a bit more experienced.
e - a green potion A giant cockroach comes into view.
You see here a scroll labelled UTAYJI XEROEVONK.
Throw: 6 boomerangs (disperse)
Press: ? - help, Q - select action Shift-Dir - straight line, f - giant cockroach You throw a boomerang of dispersal.
The boomerang of dispersal closely misses the giant cockroach.
A gnoll comes into view. It is wielding a +0 spear.
The gnoll shouts!
The giant cockroach closely misses you. The giant cockroach barely misses you.
You hit the giant cockroach but do no damage.
Your kick misses the giant cockroach.
The gnoll hits you from afar with a +0 spear.
A rat comes into view.
The giant cockroach bites you but does no damage.
You slash the giant cockroach!
You kill the giant cockroach!
The gnoll hits you from afar with a +0 spear.
The gnoll hits you with a +0 spear.
Ouch! That really hurt!
You barely miss the gnoll. You claw the gnoll.
The gnoll is lightly wounded.
The gnoll hits you with a +0 spear.
You die...

....# ##.......##
.... #...<...# ....#
##.......#
.....###.........#
....................
.......?...###......
..........## #.....
..........# .....
###.....@.# .....
#....?.g.#
.......?....r
##..............
######.........
#.######## #. ##


You could see a gnoll and a rat.

Vanquished Creatures
  A giant cockroach (D:1)
  A frilled lizard (D:1)
2 creatures vanquished.

Notes
Turn   | Place    | Note
-------+----------+-------------------------------------------
     0 | D:1      | qw the Tengu Warper began the quest for the Orb.
     0 | D:1      | Reached XP level 1. HP: 12/12 MP: 4/4
     0 | D:1      | 0 ||| qw: Version: 0.1-a-89-g26bdef1
     0 | D:1      | 0 ||| qw: Game counter: 2332
     0 | D:1      | 0 ||| qw: Always use a shield: true
     0 | D:1      | 0 ||| qw: God list: Okawaru
     0 | D:1      | 0 ||| qw: Allow faded altars: false
     0 | D:1      | 0 ||| qw: Do Orc after D:15 true
     0 | D:1      | 0 ||| qw: Do second Lair branch before Depths: true
     0 | D:1      | 0 ||| qw: Lair rune preference: random
     0 | D:1      | 0 ||| qw: Plans: Normal
     0 | D:1      | 0 ||| PLANNING D:1-11
    30 | D:1      | HP: 1/12 [gnoll/+0 spear (6)]
    31 | D:1      | Slain by a gnoll

Levels and vault maps discovered:
D:1:      minmay_arrival_four_circles, layout_basic, roderic_filled_cross,
          hex_tiny, serial_bayou_pond_d

Action                   || total
-------------------------++-------
Melee: Hand axe          ||     3
       Kick              ||     1
Throw: Boomerang         ||     2
Armor: Leather armour    ||     1
Dodge: Dodged            ||     2

Table legend:
 A = Non-vault XP
 B = Vault XP
 C = Vault XP percentage of total XP
 D = Non-vault monster count
 E = Vault monster count
 F = Vault count percentage of total count
                 A         B        C        D         E       F
            +---------+---------+-------+---------+---------+-------
      Total |       3 |       0 |   0.0 |       2 |       0 |   0.0
            +---------+---------+-------+---------+---------+-------
        D:1 |       3 |       0 |   0.0 |       2 |       0 |   0.0
            +---------+---------+-------+---------+---------+-------
